 Dungeon Crawl Stone Soup version 0.30.1-4-g462c640d31 (webtiles) character file.

Game seed: 1516702914655371304

71 Kurtz the Chopper (level 4, -2/28 HPs)
             Began as a Tengu Fighter on Sept 15, 2023.
             Succumbed to Crazy Yiuf's poison
             ... on level 2 of the Dungeon.
             The game lasted 00:01:22 (1996 turns).

Kurtz the Chopper (Tengu Fighter)                   Turns: 1996, Time: 00:01:22

Health: -2/28      AC:  7    Str: 19    XL:     4   Next: 24%
Magic:  4/5        EV:  8    Int:  8    God:
Gold:   75         SH: 10    Dex: 19    Spells: 3/3 levels left

rFire   . . .        a - +0 war axe
rCold   . . .        k - +0 kite shield
rNeg    . . .        b - +0 scale mail
rPois   .            (helmet restricted)
rElec   .            (no cloak)
rCorr   .            (no gloves)
SInv    .            (boots unavailable)
Will    .....        (no amulet) Stlth
                     f - +6 ring of dexterity
HPRegen 0.24/turn    (no ring)
MPRegen 0.09/turn

%: no passive effects
@: lethally poisoned (-2 -> -14)
A: beak, talons 3
a: no special abilities


You were on level 2 of the Dungeon.
You visited 1 branch of the dungeon, and saw 2 of its levels.

You collected 75 gold pieces.

Inventory:

Hand Weapons
 a - a +0 war axe (weapon)
Armour
 b - a +0 scale mail (worn)
 c - a +0 buckler
 k - a +0 kite shield (worn)
Jewellery
 f - a +6 ring of dexterity (left hand)
 j - a ring of willpower
Scrolls
 g - a scroll of enchant weapon {unknown}
 h - a scroll of blinking {unknown}
 l - 2 scrolls of teleportation {unknown}
 m - 2 scrolls of identify {unknown}
Potions
 d - a potion of might
 e - 2 potions of haste {unknown}
 i - 4 potions of curing {unknown}
 n - a potion of brilliance {unknown}


   Skills:
 * Level 3.5 Fighting
 * Level 3.9 Axes
 + Level 3.7 Armour
 - Level 3.0 Shields


You had 3 spell levels left.
You didn't know any spells.
Your spell library contained the following spells:

 Spells                   Type           Power      Damage    Failure   Level
 Poisonous Vapours        Pois/Air       0%         N/A       99%         2
 Hailstorm                Conj/Ice       0%         3d3       100%        3
 Mephitic Cloud           Conj/Pois/Air  0%         N/A       100%        3
 Ice Form                 Ice/Tmut       0%         N/A       100%        4
 Freezing Cloud           Conj/Ice/Air   0%         6-21      100%        5
 Summon Forest            Summ/Tloc      0%         N/A       100%        5
 Summon Mana Viper        Hex/Summ       0%         N/A       100%        5
 Simulacrum               Ice/Necr       0%         N/A       100%        6
 Summon Cactus Giant      Summ           0%         N/A       100%        6


Dungeon Overview and Level Annotations

Branches:
Dungeon (2/15)

Altars:

Shops:
D:1 (

Annotations:
D:2 Crazy Yiuf


Innate Abilities, Weirdness & Mutations

You have a beak for a mouth.
You have claws for feet.


Message History

No target in view!
No target in view!
No target in view!
No target in view!
No target in view!
No target in view!
No target in view!
No target in view!
No target in view!
No target in view!
You see here a jackal corpse.
l - 2 scrolls labelled VOIXYAQYGH (gained 1)
You see here 4 stones.
As you open the door, it creaks loudly!
There is an open door here.
Crazy Yiuf shouts!
Crazy Yiuf says, "Line tired turtle!"
Could not explore, unopened runed door.
Could not explore, unopened runed door.
No reachable target in view!
You open the door. You barely miss Crazy Yiuf.
Crazy Yiuf hits you with a +2 quarterstaff of chaos.
You feel your power leaking away.
Crazy Yiuf cries, "Flower!
Aardvark water poople."
Crazy Yiuf hits you with a +2 quarterstaff of chaos.
Crazy Yiuf burns you.
You closely miss Crazy Yiuf. Crazy Yiuf barely misses you.
You hit Crazy Yiuf but do no damage. You claw Crazy Yiuf. You peck Crazy Yiuf.
Crazy Yiuf is heavily wounded.
Crazy Yiuf hits you with a +2 quarterstaff of chaos!
Crazy Yiuf burns you. You block Crazy Yiuf's attack.
You barely miss Crazy Yiuf. Your kick misses Crazy Yiuf.
Crazy Yiuf is heavily wounded.
Crazy Yiuf hits you with a +2 quarterstaff of chaos!
* * * LOW HITPOINT WARNING * * *
You are lethally poisoned!
You hit Crazy Yiuf but do no damage. You claw Crazy Yiuf. You peck Crazy Yiuf.
Crazy Yiuf is almost dead.
You die...

...........#
##..##
...##...<..#
#....#
...###...###
♣....♣ ...#.....#
♣♣...♣
####.....###
♣♣.♣♣ #...(#..#
♣♣.♣ #....#.##
♣.♣♣ #....#.#
♣♣.♣ #....#.#
♣@♣♣ #....#.# #g#
#....#.# ...
#....#.# #...#
#....#.# #)..#
####....#.# #####
........#.#
####..#.#.#######
......#.......#.#


You could see Crazy Yiuf.

Vanquished Creatures
  3 adders (D:2)
  A worm (D:2)
  A ball python (D:1)
  A bat (D:2)
  8 endoplasms
  3 giant cockroaches
  4 goblins
  2 hobgoblins
  4 jackals (D:2)
  2 quokkas (D:2)
  4 kobolds
  3 rats
36 creatures vanquished.

Notes
Turn   | Place    | Note
-------+----------+-------------------------------------------
     0 | D:1      | Kurtz the Tengu Fighter began the quest for the Orb.
     0 | D:1      | Reached XP level 1. HP: 14/14 MP: 2/2
   198 | D:1      | Reached XP level 2. HP: 19/19 MP: 3/3
   496 | D:1      | Found Zotuxt's Weapon Boutique.
   608 | D:1      | Found a faded altar of an unknown god.
  1060 | D:2      | Reached XP level 3. HP: 18/23 MP: 4/4
  1529 | D:2      | Reached XP level 4. HP: 22/28 MP: 5/5
  1743 | D:2      | Found a runed translucent door.
  1744 | D:2      | Noticed Crazy Yiuf
  1995 | D:2      | HP: 1/28 [Crazy Yiuf/+2 quarterstaff of chaos (8)]
  1996 | D:2      | Succumbed to Crazy Yiuf's poison

Illustrated notes

Levels and vault maps discovered:
D:1:      roderic_octagonal_star, layout_basic, serial_shops, shop,
          hellmonk_ecumenical_altar_blasted, roderic_nine_men_s_morris
D:2:      layout_basic, uniq_crazy_yiuf_cottage

Skill      XL: |  1  2 |
---------------+-------+-----
Axes           | 3 |  3.9
Fighting       | |  3.5
Armour         | |  3.7
Shields        | |  3.0

Action                     |  1- 3 |  4- 6 || total
---------------------------+-------+-------++-------
  Melee: War axe           |    56 |    21 ||    77
         Peck              |    10 |     2 ||    12
         Kick              |    10 |     2 ||    12
 Armour: Scale mail        |    21 |     6 ||    27
  Dodge: Dodged            |    18 |     5 ||    23
  Block: Buckler           |    14 |       ||    14
         Kite shield       |    12 |    11 ||    23
